 Dungeon Crawl Stone Soup version 0.20-a0-672-gd6c3c51 (webtiles) character file.

22985 Chiseanne the Spry (level 12, -19/68 HPs)
             Began as a Spriggan Gladiator on Feb 17, 2017.
             Was an Initiate of Gozag.
             Demolished by a spiny frog (20 damage)
             ... while paralysed
             ... on level 2 of the Lair of Beasts.
             The game lasted 00:45:55 (16170 turns).

Chiseanne the Spry (Spriggan Gladiator)            Turns: 16170, Time: 00:45:56

Health: -19/68     AC:  5    Str: 13    XL:     12   Next: 67%
Magic:  0/22       EV:  1    Int: 10    God:    Gozag
Gold:   557        SH:  0    Dex: 36    Spells: 11/11 levels left

rFire    + . .     SeeInvis +   a - +7 long sword of Peril {elec, rPois}
rCold    . . .     Gourm    .   S - +2 robe {rF+}
rNeg     . . .     Faith    .   C - +0 buckler
rPois    +         Spirit   +   c - +0 hat
rElec    .         Reflect  .   e - +0 cloak
rCorr    .         Harm     .   (gloves unavailable)
MR       ++...                  (boots unavailable)
Stlth    +++++.....             g - amulet of guardian spirit
Regen    0.3/turn               L - ring of Niklu {rF+ Str+3 Dex+3 SInv}
MPRegen  0.2/turn               G - ring "Riciurghi" {rF- MP+9 Dex+6 Stlth+}

@: paralysed, agile, exhausted, gold aura, very slightly contaminated, hasted
and slowed, constricted, very quick
A: unfitting armour, see invisible, herbivore 3, speed 3, slow metabolism 2
a: Potion Petition, Call Merchant, Bribe Branch, Renounce Religion


You were on level 2 of the Lair of Beasts.
You worshipped Gozag.
Gozag was pleased with you.
You were not hungry.

You visited 3 branches of the dungeon, and saw 15 of its levels.
You also visited: Labyrinth.

You collected 2751 gold pieces.
You spent 1074 gold pieces at shops.
You paid 1120 gold pieces to Gozag.

Inventory:

Hand Weapons
 a - the +7 long sword of Peril (weapon) {elec, rPois}
   (You found it in a labyrinth)

   Occasionally, upon striking a foe, it will discharge some electrical energy
   and cause terrible harm.
   It protects you from poison.
 d - a +3 scimitar of holy wrath
 s - the +3 morningstar "Tattletale" {crush, rN+++ MP+9 Dex-4 Stlth+}
   (You found it in a labyrinth)

   It inflicts extra damage upon your enemies.
   It affects your dexterity (-4).
   It renders you almost immune to negative energy.
   It affects your magic capacity (+9).
   It makes you more stealthy.
Missiles
 j - 227 stones (quivered)
 k - 89 bolts
 l - 5 throwing nets
 n - 2 needles of sleeping
 o - 69 sling bullets
 r - 9 tomahawks
 F - 48 poisoned needles
Armour
 c - a +0 hat (worn)
 e - a +0 cloak (worn)
 u - a +0 robe of cold resistance
 C - a +0 buckler (worn)
 S - a +2 robe of fire resistance (worn)
Jewellery
 g - an amulet of guardian spirit (around neck)
 x - an uncursed ring of protection from magic
 G - the ring "Riciurghi" (left hand) {rF- MP+9 Dex+6 Stlth+}
   (You found it in a labyrinth)

   [ring of magical power]

   It affects your dexterity (+6).
   It makes you vulnerable to fire.
   It affects your magic capacity (+9).
   It makes you more stealthy.
 L - the ring of Niklu (right hand) {rF+ Str+3 Dex+3 SInv}
   (You bought it in a shop on level 8 of the Dungeon)

   [ring of see invisible]

   It affects your strength (+3).
   It affects your dexterity (+3).
   It protects you from fire.
   It lets you see invisible.
 N - an uncursed amulet of regeneration
 X - the ring of Viaduot {rCorr *Drain rN+ Str+4, unknown}
   (You found it on level 2 of the Lair of Beasts)

   [ring of resist corrosion]

   It affects your strength (+4).
   It protects you from negative energy.
   It causes draining when unequipped.
Wands
 y - a wand of digging (13/24)
 K - a wand of random effects (14/48)
 M - a wand of iceblast (0/15)
 Q - a wand of confusion (35/48)
 T - a wand of enslavement (11/24)
Scrolls
 m - 11 scrolls of teleportation
 p - 5 scrolls of remove curse
 q - 2 scrolls of magic mapping
 w - a scroll of immolation
 A - a scroll of fear
 J - 3 scrolls of amnesia
 R - a scroll of blinking
Potions
 h - a potion of magic
 i - 8 potions of curing
 t - 2 potions of lignification
 v - 3 potions of brilliance
 z - 3 potions of flight
 O - a potion of agility
Books
 b - a book of Alchemy

   Spells                             Type                      Level
   a - Sublimation of Blood           Necromancy                   2
   b - Ignite Poison                  Fire/Transmutation/Poison    3
   c - Petrify                        Transmutation/Earth          4
   d - Alistair's Intoxication        Transmutation/Poison         5
   e - Irradiate                      Conjuration/Transmutation    5
 B - a book of Fire

   Spells                             Type                      Level
   a - Ignite Poison                  Fire/Transmutation/Poison    3
   b - Fireball                       Conjuration/Fire             5
   c - Bolt of Fire                   Conjuration/Fire             6
   d - Ring of Flames                 Charms/Fire                  7
   e - Ignition                       Fire                         8
 D - a book of Death

   Spells                             Type                      Level
   a - Corpse Rot                     Necromancy                   2
   b - Sublimation of Blood           Necromancy                   2
   c - Agony                          Necromancy                   5
   d - Dispel Undead                  Necromancy                   5
   e - Excruciating Wounds            Charms/Necromancy            5
   f - Bolt of Draining               Conjuration/Necromancy       5
 H - a book of Frost

   Spells                             Type                      Level
   a - Freeze                         Ice                          1
   b - Throw Frost                    Conjuration/Ice              2
   c - Ozocubu's Armour               Charms/Ice                   3
   d - Throw Icicle                   Conjuration/Ice              4
   e - Summon Ice Beast               Ice/Summoning                4
 I - a book of Enchantments

   Spells                             Type                      Level
   a - Cause Fear                     Hexes                        4
   b - Yara's Violent Unravelling     Hexes/Transmutation          5
   c - Silence                        Hexes/Air                    5
   d - Deflect Missiles               Charms/Air                   6
   e - Discord                        Hexes                        8
Comestibles
 f - 10 bread rations
 E - a royal jelly
 U - 7 fruits


   Skills:
 - Level 10.3 Fighting
 - Level 2.5 Long Blades
 - Level 2.2 Throwing
 - Level 16.2 Dodging
 + Level 10.2 Shields


You had 11 spell levels left.
You didn't know any spells.

Dungeon Overview and Level Annotations

Branches:
Dungeon (12/15)            Temple (1/1) D:6            Lair (2/6) D:9
  Snake (0/4) Lair:2          Orc (0/2) D:12
  Swamp: Lair:2-4    Shoals: Lair:2-4

Altars:
Ashenzari
Cheibriados
Dithmenos
Elyvilon
Fedhas
Gozag
Hepliaklqana
Kikubaaqudgha
Makhleb
Nemelex Xobeh
Okawaru
Ru
Sif Muna
Trog
Uskayaw
Vehumet
Xom
Yredelemnul
Zin
The Shining One

Shops:
D:4 ?   D:7 :   D:8 =   D:9 ((   D:11 *

Annotations:
D:12 exclusion: obsidian statue


Innate Abilities, Weirdness & Mutations

You are very small and have problems with some larger weapons.
You are too small for most types of armour.
You have supernaturally acute eyesight. (SInv)
You are a herbivore.
You cover ground extremely quickly.
You need consume almost no food.


Message History

You pass out from exhaustion.
You feel yourself slow down. The naga closely misses you. The naga grabs you.
The naga constricts you. The spiny frog stings you!!
The yak gores you but does no damage.
The naga is distracted by the nearby gold.
The naga constricts you.
The spiny frog stings you but does no damage.
The naga shouts!
The yak gores you!
* * * LOW HITPOINT WARNING * * *
The spiny frog stings you.
* * * LOW HITPOINT WARNING * * *
The naga is no longer distracted by gold.
The naga hits you with a mace!
* * * LOW HITPOINT WARNING * * *
x2 The naga constricts you.
The yak gores you!
* * * LOW HITPOINT WARNING * * *
The spiny frog stings you!!
You die...
Your body crumbles into a pile of gold.

...##..### ..... ...###
..###...# #...... ..###
..###...###...... #P.
..#.#...##.....## ##.
...............## #.
..#.#..#.P......## #.
..#.#..###.....#.#+###.≈
.##
..##..###.#...........≈≈
≈≈#
...............Y@N...≈≈l
≈≈.
.................F...≈≈≈
....≈≈.
.........)...$.......≈≈.
>...≈≈.
.............$$......≈≈.
N..≈≈≈.
..#P.##..##....$.....≈≈≈
...≈≈≈.
..####P.P##......##.#.≈≈
..≈≈≈P.
..........#.....#......≈
≈≈≈≈P.P
...#............##......
≈≈≈....
.........#......# .....
#...


You could see a komodo dragon, a yak, a spiny frog and a naga.

Vanquished Creatures
  A minotaur (Lab)
  Erolcha (D:11)
  Harold (D:12)
  Erica (Lair:2)
  2 two-headed ogres (D:10)
  2 unseen horrors
  An ugly thing (D:11)
  A cyclops (D:11)
  A manticore (D:11)
  3 elephants (Lair:2)
  Maurice (D:12)
  A black mamba (Lair:1)
  A spiny frog (Lair:2)
  3 komodo dragons
  3 trolls
  A hornet (D:11)
  A meliai zombie (D:11)
  4 slime creatures (D:11)
  5 hippogriffs
  A shadow (D:11)
  A spriggan (D:7)
  22 yaks
  A basilisk (Lair:1)
  A water moccasin (Lair:1)
  A porcupine (Lair:1)
  Duvessa (D:4)
  3 orc warriors
  5 sky beasts
  2 ice beasts
  A black bear (D:9)
  6 ogres
  5 necrophages
  4 centaurs
  2 crocodiles
  4 big kobolds
  An elf zombie (D:8)
  10 bullfrogs
  A wyvern zombie (D:7)
  A gnoll sergeant (D:9)
  Dowan (D:4)
  An elf skeleton (D:8)
  3 scorpions
  A water moccasin skeleton (D:9)
  4 killer bees
  A troll zombie (D:8)
  3 wights (D:8)
  4 howler monkeys
  2 bullfrog zombies (D:7)
  6 crimson imps
  A human zombie (D:8)
  4 hounds
  A jelly (D:11)
  2 bullfrog skeletons
  6 orc priests
  A centaur zombie (D:6)
  12 orc wizards
  A centaur skeleton (D:10)
  An iguana (D:4)
  A human skeleton (D:8)
  15 worker ants
  2 hound zombies
  A hound skeleton (D:5)
  4 gnolls (D:9)
  8 adders
  3 oozes
  An adder skeleton (D:8)
  4 worms
  3 dart slugs (D:1)
  8 leopard geckos
  33 orcs
  19 bats
  A giant cockroach (D:7)
  10 goblins
  7 hobgoblins
  4 jackals (D:2)
  12 kobolds
  2 quokkas
  2 ball pythons (D:1)
  4 frilled lizards
  A jackal skeleton (D:7)
  A leopard gecko skeleton (D:5)
  An orc skeleton (D:8)
  6 rats
315 creatures vanquished.

Vanquished Creatures (others)
  Gastronok (Lair:2)
  A yak (Lair:2)
  A large abomination (D:12)
  A porcupine (Lair:2)
  An ufetubus (D:12)
  A fungus (Lair:1)
6 creatures vanquished.

Grand Total: 321 creatures vanquished

Notes
Turn   | Place    | Note
-------+----------+-------------------------------------------
     0 | D:1      | Chiseanne the Spriggan Gladiator began the quest for the Orb.
     0 | D:1      | Reached XP level 1. HP: 10/10 MP: 2/2
   198 | D:1      | Reached XP level 2. HP: 10/15 MP: 3/3
   356 | D:1      | murphy: oops u died
   357 | D:1      | Chiseanne: ghost got me
   357 | D:1      | murphy: seems like i got my revenge on u
   357 | D:1      | murphy: i watched protoss
   357 | D:1      | murphy: and adviced him for that char
   357 | D:1      | murphy: :P
   357 | D:1      | Chiseanne: hmm ?
   357 | D:1      | murphy: a nightmare ghost for high ev chars
   357 | D:1      | murphy: Chiseanne the Nimble (level 8, -10/44 HPs) Began as a Spriggan Gladiator on Feb 17, 2017. Killed from afar by protoss039's ghost (30 damage) ... with a blast of rock fragments ... on level 8 of the Dungeon. The game lasted 00:14:20 (5185 turns).
   357 | D:1      | Chiseanne: I guess I didnt watch it really..just tried to snatch the ring and some stuff lol
   357 | D:1      | Chiseanne: was that your char?
   391 | D:1      | Reached XP level 3. HP: 10/19 MP: 2/4
   731 | D:1      | murphy: no but i helped e new player to develop it
   733 | D:1      | Reached skill level 5 in Dodging
   770 | D:1      | Chiseanne: ahh xD nice
   770 | D:1      | Chiseanne: tell him to make weaker chars for me then ;-P
  1353 | D:2      | Reached XP level 4. HP: 20/23 MP: 3/5
  1608 | D:2      | Found a sparkling altar of Nemelex Xobeh.
  2302 | D:3      | Reached skill level 6 in Dodging
  2455 | D:3      | murphy: cu
  2455 | D:3      | Reached XP level 5. HP: 28/28 MP: 6/6
  2456 | D:3      | Chiseanne: bb
  2882 | D:4      | Found Roleroef's Magic Scroll Emporium.
  2956 | D:4      | Found a shattered altar of Ashenzari.
  3506 | D:4      | Reached skill level 7 in Dodging
  3594 | D:4      | Reached XP level 6. HP: 18/33 MP: 4/7
  3836 | D:4      | Noticed Duvessa
  3836 | D:4      | Noticed Dowan
  3842 | D:4      | Killed Duvessa
  3858 | D:4      | Killed Dowan
  4505 | D:5      | Entered Level 5 of the Dungeon
  4517 | D:5      | Reached skill level 8 in Dodging
  4682 | D:5      | Reached XP level 7. HP: 34/38 MP: 6/8
  4784 | D:5      | Found a sparkling altar of Nemelex Xobeh.
  5267 | D:5      | Reached skill level 5 in Fighting
  5409 | D:6      | Reached skill level 9 in Dodging
  5532 | D:6      | Found a staircase to the Ecumenical Temple.
  5554 | Temple   | Entered the Ecumenical Temple
  5586 | Temple   | Became a worshipper of Gozag Ym Sagoz the Greedy
  5695 | D:6      | Found a shimmering altar of Xom.
  5712 | D:6      | Found an iron altar of Okawaru.
  5712 | D:6      | Found a radiant altar of Vehumet.
  6241 | D:6      | Reached skill level 10 in Dodging
  6241 | D:6      | Reached XP level 8. HP: 32/44 MP: 5/9
  7236 | D:7      | Found a snail-covered altar of Cheibriados.
  7405 | D:7      | Found a deep blue altar of Sif Muna.
  7481 | D:7      | Reached skill level 11 in Dodging
  7586 | D:7      | Found Porumenoep's Book Shop.
  8023 | D:7      | Reached XP level 9. HP: 41/50 MP: 8/10
  8088 | D:7      | Reached skill level 12 in Dodging
  8975 | D:8      | Found an ancient bone altar of Kikubaaqudgha.
  9027 | D:8      | Reached skill level 13 in Dodging
  9274 | D:8      | Found a glowing silver altar of Zin.
  9367 | D:8      | Found a burning altar of Makhleb.
  9455 | D:8      | Bought a cursed -3 ring of protection for 26 gold pieces
  9455 | D:8      | Bought a cursed -3 ring of slaying for 26 gold pieces
  9800 | D:9      | Found Yciunux's Antique Weapon Shoppe.
  9877 | D:9      | Bought a runed falchion for 144 gold pieces
 10266 | D:9      | Reached skill level 14 in Dodging
 10386 | D:9      | Reached XP level 10. HP: 56/56 MP: 11/11
 10450 | D:9      | Found a staircase to the Lair.
 10639 | D:10     | Entered Level 10 of the Dungeon
 11269 | D:4      | Bought a scroll of enchant weapon for 82 gold pieces
 11270 | D:4      | Bought a scroll of identify for 22 gold pieces
 11363 | D:8      | Bought the ring of Niklu {rF+ Str+3 Dex+3 SInv} for 540 gold pieces
 11484 | D:10     | Noticed an unseen horror
 11559 | D:10     | Killed an unseen horror
 11755 | D:10     | Reached skill level 15 in Dodging
 12006 | D:10     | Noticed a two-headed ogre
 12019 | D:10     | Killed a two-headed ogre
 12113 | D:10     | Noticed a two-headed ogre
 12121 | D:10     | Killed a two-headed ogre
 12121 | D:10     | Reached skill level 10 in Fighting
 12162 | D:10     | Reached skill level 16 in Dodging
 12229 | D:11     | Noticed an unseen horror
 12285 | D:11     | Found a labyrinth entrance.
 12290 | D:11     | Found Keshum's General Store.
 12294 | Lab      | Entered a labyrinth
 12610 | Lab      | Noticed a minotaur
 12627 | Lab      | Killed a minotaur
 12627 | Lab      | Reached XP level 11. HP: 54/64 MP: 9/12
 12648 | Lab      | Got a warped wooden ring
 12649 | Lab      | Got a dazzling morningstar
 12649 | Lab      | Got an iridescent long sword
 12650 | Lab      | Identified the +7 long sword of Peril {elec, rPois} (You found it in a labyrinth)
 12657 | Lab      | Identified the ring "Riciurghi" {rF- MP+9 Dex+6 Stlth+} (You found it in a labyrinth)
 12717 | Lab      | Identified the +3 morningstar "Tattletale" {crush, rN+++ MP+9 Dex-4 Stlth+} (You found it in a labyrinth)
 12740 | D:11     | Reached skill level 1 in Shields
 12783 | D:11     | Noticed a purple ugly thing
 12807 | D:11     | Noticed Erolcha
 12812 | D:11     | Killed a purple ugly thing
 12823 | D:11     | Killed Erolcha
 13128 | D:11     | Killed an unseen horror
 13224 | D:11     | Bought a scroll of identify for 24 gold pieces
 13375 | D:11     | Reached skill level 5 in Shields
 13985 | D:12     | Noticed an obsidian statue
 14046 | D:12     | Noticed Harold
 14065 | D:12     | Killed Harold
 14304 | D:12     | Found a staircase to the Orcish Mines.
 14307 | D:12     | Noticed Maurice
 14315 | D:12     | Noticed a white ugly thing
 14317 | D:12     | Killed Maurice
 14516 | D:11     | Reached XP level 12. HP: 68/68 MP: 13/13
 14589 | Lair:1   | Entered Level 1 of the Lair of Beasts
 15046 | D:9      | Bought a glowing scimitar for 210 gold pieces
 15710 | Lair:2   | Found a staircase to the Snake Pit.
 15948 | Lair:2   | Got a slimy lapis lazuli ring
 16123 | Lair:2   | Noticed Gastronok
 16130 | Lair:2   | Noticed Erica
 16154 | Lair:2   | Killed Gastronok
 16154 | Lair:2   | Reached skill level 10 in Shields
 16158 | Lair:2   | Killed Erica
 16170 | Lair:2   | HP: 1/68 [yak (3)]
 16170 | Lair:2   | Demolished by a spiny frog

Vault maps used:
D:1:      saegor_arrival_simple_f, minmay_vboxes
D:2:      minmay_misc_feat_encased, nemelex_dance_club_becter
D:4:      minmay_door_path, evilmike_ruin_ashenzari, serial_shops,
          shop_fountains, uniq_duvessa
D:5:      first_bread, basic_altar, minmay_misc_feat_ornament
D:6:      grunt_temple_overflow_open, minmay_temple_entry_large_hall
D:7:      lemuel_doored_altar, slow_altar_1, serial_shops, shop, the_bakery
D:8:      lemuel_mausoleum_altar_kikubaaqudgha, makhleb_grotto_becter,
          kennysheep_mini_moat
D:9:      lair_entry_dummy, serial_shops, shop
D:11:     minmay_four_partial_circles, lab_entry_generic, serial_shops, shop,
          uniq_erolcha
D:12:     hiddenorc2_lemuel, hangedman_devilish_allure, uniq_harold,
          uniq_maurice
Temple:   minmay_temple_bridge_abc
Lair:2:   guppyfry_snake_entry_island, minivault_24, uniq_gastronok, uniq_erica
Lab:      labyrinth_watery

Skill      XL: |  1  2  3  4  5  6  7  8  9 10 11 12 |
---------------+-------------------------------------+-----
Fighting       | 2 3 4 5 7 8 10 | 10.3
Dodging        | 5 6 7 8 10 11 14 16 | 16.2
Shields        | 7 10 | 10.2
Long Blades    | |  2.5
Throwing       | |  2.2

Action                   |  1- 3 |  4- 6 |  7- 9 | 10-12 || total
-------------------------+-------+-------+-------+-------++-------
Melee: Long sword        |   103 |   179 |   341 |   351 ||   974
       Short sword       |       |       |    98 |       ||    98
       Falchion          |       |       |    71 |   143 ||   214
Throw: Throwing net      |       |     7 |       |       ||     7
       Stone             |       |     3 |       |     1 ||     4
Invok: Call Merchant     |       |       |     1 |     1 ||     2
       Potion Petition   |       |       |       |     1 ||     1
Evoke: Wand              |       |       |     1 |    19 ||    20
  Use: Scroll            |     5 |     8 |     6 |    13 ||    32
       Potion            |       |       |       |    17 ||    17
 Stab: Sleeping          |     1 |     4 |     7 |     7 ||    19
       Distracted        |     1 |       |     1 |     1 ||     3
       Held in net/web   |       |     1 |       |       ||     1
       Invisible         |       |       |       |     7 ||     7
  Eat: Royal jelly       |       |     1 |       |     1 ||     2
       Bread ration      |       |       |     1 |       ||     1
       Fruit             |       |       |       |     6 ||     6
Armor: Robe              |    13 |    12 |    24 |    17 ||    66
Dodge: Dodged            |   126 |   176 |   565 |   650 ||  1517
Block: Buckler           |       |       |       |   231 ||   231
       Rpst.: Long sword |    36 |    59 |   120 |   110 ||   325
       Falchion          |       |       |    27 |    63 ||    90
